[Event "Early-Titled-Tuesday-Blitz-February-06-2024"]
[Site "Chess.com"]
[Date "2024.02.06"]
[Round "4"]
[White "mbojan"]
[Black "DishonorOnYourCow"]
[Result "1-0"]
[WhiteElo "2880"]
[BlackElo "2577"]
[TimeControl "180+1"]
[EndTime "8:38:49 PST"]
[Termination "mbojan won by resignation"]

1. Nf3 d5 2. g3 c5 3. Bg2 Nf6 4. O-O g6 5. c4 Bg7 6. cxd5 Nxd5 7.
Nc3 Nxc3 8. bxc3 O-O 9. Rb1 Nd7 10.
d4 cxd4 11. cxd4 Nf6 12. Ne5 Rb8 13. Nc6 bxc6 14. Rxb8 Qa5 15. Qd2 Qh5 16. Bf3 Qh3 17.
Ba3 Ng4 18. Bxg4 Bxg4 19. Rfb1 Bc8 20. Bxe7 Re8 21. Bd6 h5 22. Be5 f6 23. Bd6 Kh7 24. Ra8 Re4 25. f3 Re6 26. Bf4 Re7 27. Rab8 Ba6 28. e4 g5 29. Be3 g4 30. Qg2 Qxg2+ 31. Kxg2 gxf3+ 32. Kxf3 Bd3 33. R1b7 Bxe4+ 34. Kf2 Re6 35. Rxa7 Kg6 36. Rg8 1-0

[Event "Early-Titled-Tuesday-Blitz-February-06-2024"]
[Site "Chess.com"]
[Date "2024.02.06"]
[Round "4"]
[White "laskakid"]
[Black "NMJeevanK"]
[Result "0-1"]
[WhiteElo "2350"]
[BlackElo "2585"]
[TimeControl "180+1"]
[EndTime "8:38:49 PST"]
[Termination "NMJeevanK won on time"]

1. d4 d5 2. c4 e5 3. dxe5 d4 4. Nf3 Nc6 5. Nbd2 Nge7 6. Nb3 Ng6 7. Nbxd4 Ncxe5 8. Nxe5 Nxe5 9. e3 Be7 10. Be2 O-O 11. O-O c5 12. Nf3 Qc7 13. Bd2 Rd8 14. Qc2 Bg4 15.
Bc3 Nxf3+ 16. Bxf3 Bxf3 17. gxf3 Rd6 18. Rfd1 Rh6 19. Qe4 Qxh2+ 20. Kf1 Bh4 21. Be1 Rg6 22. Qxb7 Rf8 23. Rd7 Rg1+ 24. Ke2 Rxe1+ 25. Rxe1 Qxf2+ 26. Kd3 Qxe1 27. Qxa7 Qb1+ 28. Kc3 Bf6+ 29. Kd2 Qxb2+ 30. Kd1 h5 31. Qxc5 h4 32. Qh5 Qxa2 33. c5 Rb8 34.
Qxf7+ Qxf7 0-1

[Event "Early-Titled-Tuesday-Blitz-February-06-2024"]
[Site "Chess.com"]
[Date "2024.02.06"]
[Round "4"]
[White "arnash_bauyrzhan"]
[Black "Road2GM3000"]
[Result "0-1"]
[WhiteElo "2260"]
[BlackElo "2467"]
[TimeControl "180+1"]
[EndTime "8:38:49 PST"]
[Termination "Road2GM3000 won by resignation"]

1. e4 c5 2. Nf3 d6 3. Bb5+ Bd7 4. Bxd7+ Nxd7 5. O-O Ngf6 6. Qe2 e6 7. b3 Be7 8. Bb2 O-O 9. c4 a6 10. d4 cxd4 11.
Nxd4 Nc5 12. Nc3 Rb8 13. Rad1 Qc7 14. f4 b6 15. Kh1 Rfd8 16. e5 Nfd7 17. b4 dxe5 18.
fxe5 Qxe5 19. Nc6 Qxe2 20. Nxe2 Na4 21. Nxb8 Nxb8 22. Rxd8+ Bxd8 23. Be5 Nc6 24. Bd6 f6 25. Rf3 Kf7 26. b5 axb5 27. cxb5 Na5 28. Ra3 Nb2 29.
Bb4 Nbc4 30. Rd3 Ke8 31. Nd4 e5 32. Nc6 Bc7 33. Rc3 Nxc6 34. Rxc4 Nxb4 35. Rxb4 f5 36. Kg1 e4 37. Kf2 Bd6 38. Rc4 Kd7 39. g3 g5 40. a4 h5 41. Rc6 f4 42. gxf4 gxf4 43. Rxb6 Bc5+ 0-1

[Event "Early-Titled-Tuesday-Blitz-February-06-2024"]
[Site "Chess.com"]
[Date "2024.02.06"]
[Round "4"]
[White "artin10862"]
[Black "FM_VS99"]
[Result "0-1"]
[WhiteElo "2936"]
[BlackElo "2625"]
[TimeControl "180+1"]
[EndTime "8:38:50 PST"]
[Termination "FM_VS99 won on time"]

1. d4 Nf6 2. c4 c5 3. d5 b5 4.
cxb5 a6 5. bxa6 g6 6. Nc3 Bg7 7. e4 O-O 8. Nf3 Qa5 9. Nd2 Bxa6 10. Bxa6 Qxa6 11. Qe2 d6 12. O-O Qxe2 13. Nxe2 Na6 14. Nc3 Nb4 15. Nc4 Rfb8 16. Bd2 Nd7 17. f3 Ne5 18.
Nxe5 Bxe5 19. a4 Bd4+ 20. Kh1 Nd3 21. Nb5 Rxb5 22. axb5 Nf2+ 23. Kg1 Nxe4+ 24. Kh1 Nf2+ 25. Kg1 Nd1+ 26. Kh1 Rxa1 27. b6 Nf2+ 0-1

[Event "Early-Titled-Tuesday-Blitz-February-06-2024"]
[Site "Chess.com"]
[Date "2024.02.06"]
[Round "4"]
[White "wadsy27"]
[Black "SantoBlue"]
[Result "0-1"]
[WhiteElo "2617"]
[BlackElo "2999"]
[TimeControl "180+1"]
[EndTime "8:38:52 PST"]
[Termination "SantoBlue won by resignation"]

1. c4 d6 2. g3 Nf6 3. Bg2 g6 4.
Nc3 Bg7 5. d4 O-O 6. h3 c6 7. Nf3 Qb6 8. O-O Qa6 9. b3 b5 10. cxb5 cxb5 11. a4 b4 12. Nb5 Qb7 13. Ne5 d5 14. Bf4 a6 15. Nc7 Qxc7 16. Nxg6 Qb6 17.
Nxf8 Kxf8 18. Rc1 Nc6 19. Be5 Nxe5 20. dxe5 Ne4 21. Qxd5 Bb7 22. a5 Qxf2+ 23. Rxf2 Bxd5 24. Bxe4 Bxe4 25. Rf4 Bh6 26. Rc4 Bxf4 27. gxf4 Bf5 28. Rxb4 Bxh3 29. Rb6 Bd7 30. Kf2 Bb5 31. e3 Kg7 32. f5 h5 33. Kg3 Rc8 34. Kh4 Rc5 35.
f6+ exf6 36. exf6+ Kg6 37. e4 Re5 0-1

[Event "Early-Titled-Tuesday-Blitz-February-06-2024"]
[Site "Chess.com"]
[Date "2024.02.06"]
[Round "4"]
[White "maximnovik"]
[Black "PapaieDudu"]
[Result "1-0"]
[WhiteElo "2609"]
[BlackElo "2415"]
[TimeControl "180+1"]
[EndTime "8:38:52 PST"]
[Termination "maximnovik won by resignation"]

1. e4 c5 2. Nf3 d6 3. d4 cxd4 4. Nxd4 Nf6 5. Nc3 a6 6. h3 e5 7.
Nb3 Be7 8. Be3 O-O 9. Qf3 Be6 10. O-O-O b5 11. g4 g6 12. g5 Nh5 13. h4 Qc8 14. Nd5 Bd8 15. Be2 Nd7 16. Qg2 Bxd5 17. Rxd5 Nf4 18.
Bxf4 exf4 19. h5 Ne5 20. Qh2 Bxg5 21. hxg6 h6 22. gxf7+ Nxf7 23. Kb1 Qd8 24. Nd4 Qf6 25.
Nf5 Rfe8 26. Rg1 Kf8 27. Bh5 Re5 28. Bxf7 Qxf7 29. Nxh6 Qe7 30. Nf5 Qf6 31. Rxd6 Rd8 32. Rxf6+ Bxf6 33. Qh6+ Kf7 34. Qh7+ Ke6 35. a3 Rxe4 36.
Ng7+ Kd5 37. Qf5+ Be5 38. Rd1+ Kc6 39. Qxe4+ Rd5 40. Qxd5+ 1-0

[Event "Early-Titled-Tuesday-Blitz-February-06-2024"]
[Site "Chess.com"]
[Date "2024.02.06"]
[Round "4"]
[White "Seochesspie"]
[Black "AnishOnYoutube"]
[Result "0-1"]
[WhiteElo "2808"]
[BlackElo "3002"]
[TimeControl "180+1"]
[EndTime "8:38:54 PST"]
[Termination "AnishOnYoutube won by resignation"]

1. e4 c5 2. Nf3 e6 3. d3 Nc6 4.
Nbd2 g6 5. g3 Bg7 6. Bg2 Nge7 7.
O-O O-O 8. Re1 e5 9. Nc4 d6 10. a4 h6 11. c3 Be6 12. Nfd2 Qd7 13. Rb1 b6 14. b4 cxb4 15. cxb4 Nd4 16. b5 Bg4 17. f3 Be6 18. Ba3 d5 19. exd5 Nxd5 20. Bxf8 Nc3 21. Bxg7 Kxg7 22. Nxe5 Qe8 23. f4 Nxd1 24.
Rbxd1 Rc8 25. Ndc4 Qe7 26. Nc6 Nxc6 27. Bxc6 Qc5+ 28.
Ne3 Rd8 29. Kf2 Rd4 30. Rc1 Qa3 31. Ra1 Qb2+ 32. Kg1 Rxd3 33. Rad1 Ra3 34. Rb1 Qd4 35. Rbd1 Qc5 36. Kf2 Rxa4 37. Rc1 Ra2+ 38. Kf3 Qh5+ 39. Ke4 Ra4+ 40. Kd3 Qxh2 0-1

[Event "Early-Titled-Tuesday-Blitz-February-06-2024"]
[Site "Chess.com"]
[Date "2024.02.06"]
[Round "4"]
[White "TokChess"]
[Black "Alex_Sahakyan2006"]
[Result "0-1"]
[WhiteElo "2589"]
[BlackElo "2892"]
[TimeControl "180+1"]
[EndTime "8:38:54 PST"]
[Termination "Alex_Sahakyan2006 won by resignation"]

1. e4 e5 2. Nf3 Nc6 3. Bb5 a6 4. Ba4 g6 5. O-O Bg7 6. c3 Nge7 7. d4 exd4 8. cxd4 d5 9. exd5 Nxd5 10. Re1+ Be6 11.
Ng5 O-O 12. Nxe6 fxe6 13. Bxc6 bxc6 14. Nc3 c5 15. Nxd5 Qxd5 16. dxc5 Bd4 17. Be3 Bxb2 18.
Rb1 Bc3 19. Qxd5 exd5 20. Red1 c6 21. Rb6 Rfc8 22. Rb7 Rab8 23. Ra7 d4 24. Bf4 Rb5 25.
Rxa6 Rxc5 26. Ra7 Re8 27. g3 Rd5 28. Rb1 d3 29. Rbb7 d2 30. Bxd2 Rxd2 31. Rxh7 Bd4 32.
Rhf7 Bxa7 0-1

[Event "Early-Titled-Tuesday-Blitz-February-06-2024"]
[Site "Chess.com"]
[Date "2024.02.06"]
[Round "4"]
[White "lucliasco"]
[Black "CristianS27"]
[Result "1-0"]
[WhiteElo "2873"]
[BlackElo "2578"]
[TimeControl "180+1"]
[EndTime "8:38:54 PST"]
[Termination "lucliasco won by resignation"]

1. e4 e5 2. Nf3 Nc6 3. Bc4 Nf6 4. Ng5 d5 5. exd5 Nd4 6. c3 b5 7. Bf1 Nxd5 8. Ne4 Qh4 9. d3 Bg4 10. Bg5 Qh5 11. Qc1 Ne6 12. h4 Nxg5 13. Qxg5 Be7 14. Qxh5 Bxh5 15. g3 O-O 16. Be2 Bxe2 17. Kxe2 f5 18.
Ned2 Rad8 19. a4 b4 20. Rc1 Rb8 21. c4 Nf6 22. Nb3 e4 23. d4 f4 24. N1d2 f3+ 25. Kf1 Rbe8 26. Re1 Bd8 27. Re3 Re7 28.
Rae1 Rfe8 29. Nc5 Ng4 30. Rxe4 Rxe4 31. Rxe4 Rf8 32. Rxg4 1-0

[Event "Early-Titled-Tuesday-Blitz-February-06-2024"]
[Site "Chess.com"]
[Date "2024.02.06"]
[Round "4"]
[White "gmcorrales"]
[Black "Flameboard08"]
[Result "1-0"]
[WhiteElo "2866"]
[BlackElo "2563"]
[TimeControl "180+1"]
[EndTime "8:38:54 PST"]
[Termination "gmcorrales won by resignation"]

1. e4 b6 2. d4 Bb7 3. Bd3 e6 4. Qe2 Nf6 5. Nf3 d5 6. e5 Ne4 7. Nbd2 Nxd2 8. Bxd2 c5 9. c3 Nc6 10. O-O Be7 11. a3 a5 12. Rfe1 a4 13. Rad1 Na5 14.
h4 Qc8 15. Bg5 Bf8 16. h5 h6 17. Bh4 Ba6 18. Nh2 Bxd3 19. Rxd3 Qa6 20. Nf1 Rc8 21. Red1 Qb5 22. f4 Nb3 23. Qf2 cxd4 24. cxd4 Be7 25. Bxe7 Kxe7 26. f5 exf5 27. Qxf5 Rc6 28. Ne3 Re6 29.
Qg4 g6 30. Qf3 Rd8 31. Rc3 Rd7 32. Rc8 Qa6 33. Rh8 Rd8 34. Rh7 Rf8 35. Nxd5+ Kd8 36. Rxf7 Rxf7 37. Qxf7 Qc8 38. hxg6 Qd7 39. Qxd7+ Kxd7 40. g7 Rg6 41. Nf6+ Ke6 42. g8=Q+ Rxg8 43. Nxg8 Kd5 44. Nf6+ Kc4 45. e6 Nxd4 46. Rxd4+ Kxd4 47. e7 Kd3 48. e8=Q Kc2 49. Qxa4+ Kxb2 50. Qb4+ Ka1 51. a4 h5 52. Qxb6 h4 53. a5 h3 54. gxh3 1-0

[Event "Early-Titled-Tuesday-Blitz-February-06-2024"]
[Site "Chess.com"]
[Date "2024.02.06"]
[Round "4"]
[White "Juwen"]
[Black "GelmanAlexander"]
[Result "0-1"]
[WhiteElo "2559"]
[BlackElo "2789"]
[TimeControl "180+1"]
[EndTime "8:38:55 PST"]
[Termination "GelmanAlexander won by resignation"]

1. e4 c5 2. Nf3 e6 3. g3 Nc6 4.
Bg2 Nf6 5. d3 d5 6. Qe2 Be7 7.
O-O O-O 8. a4 a6 9. c3 b6 10.
Bf4 Bb7 11. Na3 Re8 12. h4 h6 13. e5 Nd7 14. h5 Bf8 15. Rfe1 Na5 16. Nc2 b5 17.
Ne3 Nb3 18. Ra2 Bc6 19. axb5 axb5 20. Rxa8 Qxa8 21. g4 d4 22. cxd4 cxd4 23. Nf1 Nb6 24. Qd1 Nd5 25. Bh2 Nb4 26. Ng3 Nc5 27. Ne4 Ncxd3 28. Nxd4 Nxe1 29. Nxc6 Nxg2 30. Nxb4 Qxe4 31. Nc2 Nh4 32. Kf1 Rc8 33. Ne3 Bc5 34. Bg3 Bxe3 35. Bxh4 Rc1 0-1

[Event "Early-Titled-Tuesday-Blitz-February-06-2024"]
[Site "Chess.com"]
[Date "2024.02.06"]
[Round "4"]
[White "Bkmzzzzz"]
[Black "Iskusnyh"]
[Result "1/2-1/2"]
[WhiteElo "2396"]
[BlackElo "2656"]
[TimeControl "180+1"]
[EndTime "8:38:56 PST"]
[Termination "Game drawn by repetition"]

1. e4 e6 2. Nf3 d5 3. exd5 exd5 4.
d4 Nf6 5. Bd3 c5 6. O-O Nc6 7.
Re1+ Be7 8. dxc5 O-O 9. Bg5 Bxc5 10. Nc3 Be6 11. Bh4 h6 12. a3 a6 13. Qd2 Rc8 14.
Rad1 Re8 15. h3 Be7 16. Bg3 Qb6 17. Na4 Qa7 18. Ne5 Nxe5 19. Bxe5 b5 20. Nc3 Red8 21. Bf4 b4 22. Bxh6 bxc3 23. Qg5 Ne8 24. Qh5 gxh6 25. Qxh6 Bf6 26. Bh7+ Kh8 27. Bg6+ Kg8 28. Bh7+ Kh8 29. Bd3+ Kg8 30. Bh7+ 1/2-1/2

[Event "Early-Titled-Tuesday-Blitz-February-06-2024"]
[Site "Chess.com"]
[Date "2024.02.06"]
[Round "4"]
[White "Rdeux42"]
[Black "Baby_Legs"]
[Result "0-1"]
[WhiteElo "2437"]
[BlackElo "2644"]
[TimeControl "180+1"]
[EndTime "8:38:57 PST"]
[Termination "Baby_Legs won on time"]

1. e4 c6 2. d4 d5 3. Nc3 dxe4 4. Nxe4 Bf5 5. Ng3 Bg6 6. h4 h6 7. Nf3 Nd7 8. h5 Bh7 9. Bd3 Bxd3 10. Qxd3 e6 11. Bd2 Ngf6 12. O-O-O Qb6 13. Kb1 Bb4 14. Ne4 Nxe4 15. Qxe4 Nf6 16. Qe2 Bxd2 17. Rxd2 Qb5 18. Qxb5 cxb5 19. Ne5 Ke7 20. g4 Nd5 21. c3 Rhd8 22.
Rh3 f6 23. Ng6+ Kf7 24. Re2 Rac8 25. a3 a5 26. Rc2 b4 27. axb4 axb4 28. cxb4 Nxb4 29.
Rxc8 Rxc8 30. Rb3 Rc4 31. Rc3 Rc6 32. Nf4 Ke7 33. Rxc6 Nxc6 34. d5 exd5 35. Nxd5+ Kd6 36. Ne3 Ke5 37. Nf5 Kf4 38. Nxg7 Kxg4 39. Ne8 f5 40. Nd6 b6 41. Kc2 f4 42. Kd3 Kxh5 43. Kc4 Kg4 44. Kb5 Nd4+ 45. Kxb6 h5 46. Kc5 h4 47. Kxd4 h3 48.
f3+ Kxf3 49. Nc4 h2 50. Ne5+ Kg3 0-1

[Event "Early-Titled-Tuesday-Blitz-February-06-2024"]
[Site "Chess.com"]
[Date "2024.02.06"]
[Round "4"]
[White "FREDERICKtheMATE"]
[Black "bylavochka"]
[Result "1-0"]
[WhiteElo "2647"]
[BlackElo "2300"]
[TimeControl "180+1"]
[EndTime "8:38:58 PST"]
[Termination "FREDERICKtheMATE won by resignation"]

1. d4 Nf6 2. c4 g6 3. Nc3 Bg7 4. e4 O-O 5. Nf3 d6 6. Be2 e5 7. Be3 Bg4 8. h3 Bxf3 9. Bxf3 exd4 10. Bxd4 Nc6 11. O-O Nxd4 12. Qxd4 Re8 13. Qd3 Nd7 14. Rfe1 Bxc3 15. Qxc3 Qf6 16. Qb4 Nc5 17. Rad1 Re7 18.
Re3 Rae8 19. Rde1 Re5 20. Qd2 Qe7 21. Qd4 a5 22. g3 Ne6 23. Qc3 b6 24. Bg2 Nc5 25.
f4 Re6 26. b3 Qf6 27. Qxf6 Rxf6 28. e5 Rfe6 29. Bd5 R6e7 30. Bc6 Rd8 31. Kf1 dxe5 32. Rxe5 Rxe5 33. Rxe5 Rd6 34. Bf3 Kf8 35. Ke2 Nd3 36. Rd5 Rxd5 37. Bxd5 Nb4 38. a3 Nxd5 39. cxd5 Ke7 40.
Kd3 Kd6 41. Kd4 f5 42. a4 h6 43.
Kc4 g5 44. fxg5 hxg5 45. Kd4 g4 46. h4 c5+ 47. dxc6 b5 48. axb5 f4 49. gxf4 g3 50.
Ke3 Kc5 51. c7 Kb4 52. c8=Q Kxb3 53. b6 a4 54. b7 a3 55. b8=Q+ Ka2 1-0

[Event "Early-Titled-Tuesday-Blitz-February-06-2024"]
[Site "Chess.com"]
[Date "2024.02.06"]
[Round "4"]
[White "C_K_G"]
[Black "jasonbolivar"]
[Result "1-0"]
[WhiteElo "2128"]
[BlackElo "2290"]
[TimeControl "180+1"]
[EndTime "8:38:58 PST"]
[Termination "C_K_G won on time"]

1. e4 c5 2. Nf3 d6 3. d4 cxd4 4. Nxd4 Nf6 5. Nc3 a6 6. Be2 e5 7. Nb3 Be7 8. Be3 Be6 9. O-O Nbd7 10. f4 exf4 11. Rxf4 Ne5 12. h3 O-O 13. Nd4 Rc8 14. Bd3 Ng6 15. Rf1 Nd7 16. Nf5 Nde5 17. Nd5 Bxd5 18. exd5 Nxd3 19. Qxd3 Ne5 20. Qd1 Bf6 21. Bd4 Rc4 22. b3 Rxd4 23. Nxd4 Nd7 24. Rc1 Qb6 25.
c3 Rc8 26. Kh1 Be5 27. Nf5 Re8 28. c4 g6 29. Nh6+ Kg7 30. Nxf7 Bf6 31. Qf3 Kxf7 32. g4 h6 33. h4 Kg7 34. g5 hxg5 35. hxg5 Rh8+ 36. Kg2 1-0

[Event "Early-Titled-Tuesday-Blitz-February-06-2024"]
[Site "Chess.com"]
[Date "2024.02.06"]
[Round "4"]
[White "tandaleo"]
[Black "azikom"]
[Result "1-0"]
[WhiteElo "2540"]
[BlackElo "2701"]
[TimeControl "180+1"]
[EndTime "8:38:59 PST"]
[Termination "tandaleo won on time"]

1. d4 d5 2. c4 c6 3. cxd5 cxd5 4. Nc3 Nf6 5. Bf4 Nc6 6. e3 a6 7.
Be2 Bf5 8. Nf3 e6 9. O-O Rc8 10. Qb3 Na5 11. Qa4+ Nd7 12. Ne5 Nc6 13. Nxc6 Rxc6 14.
Rfc1 Qc8 15. e4 dxe4 16. d5 exd5 17. Nxd5 Nc5 18. Qd4 Ne6 19. Qe5 Bg6 20. Rxc6 bxc6 21. Rc1 h5 22. Bxa6 Qd7 23. Rxc6 Qxc6 24. Bb5 Kd7 25. Nb6+ 1-0

[Event "Early-Titled-Tuesday-Blitz-February-06-2024"]
[Site "Chess.com"]
[Date "2024.02.06"]
[Round "4"]
[White "TV27"]
[Black "KuzubovYuriy"]
[Result "0-1"]
[WhiteElo "2160"]
[BlackElo "2901"]
[TimeControl "180+1"]
[EndTime "8:38:59 PST"]
[Termination "KuzubovYuriy won by resignation"]

1. Nf3 d5 2. g3 c5 3. Bg2 g6 4.
d3 Bg7 5. O-O Nc6 6. c3 e6 7.
Qc2 Nge7 8. e4 b6 9. a4 Bb7 10. Na3 O-O 11. Bf4 h6 12. Qd2 g5 13. Nxg5 hxg5 14. Bxg5 dxe4 15. Bxe4 Na5 16. Bxb7 Nxb7 17. Qf4 Ng6 18. Qe3 Qd5 19. Nb5 Qd7 20. Rad1 a6 21. Na3 b5 22. Bh6 Bxh6 23. Qxh6 Nd6 24.
d4 Nf5 25. Qg5 cxd4 26. h4 Qe7 27. Qg4 dxc3 28. h5 Nh6 29. Qe4 Nh8 30. Qe3 Nf5 31. Qxc3 b4 32. Qc4 bxa3 33. Qg4+ Kh7 34. Rd5 exd5 35.
Qxf5+ Kg7 36. Kg2 Qe6 37. h6+ Kg8 38. Qg5+ Qg6 39. Qxd5 axb2 0-1

[Event "Early-Titled-Tuesday-Blitz-February-06-2024"]
[Site "Chess.com"]
[Date "2024.02.06"]
[Round "4"]
[White "alvarorodriguezavila"]
[Black "kleopl"]
[Result "0-1"]
[WhiteElo "2374"]
[BlackElo "2522"]
[TimeControl "180+1"]
[EndTime "8:39:01 PST"]
[Termination "kleopl won on time"]

1. e4 c5 2. d4 cxd4 3. c3 dxc3 4. Bc4 e6 5. Nxc3 Nc6 6. Nf3 Bb4 7. O-O Nge7 8. Bf4 a6 9. Bd6 O-O 10. Bxb4 Nxb4 11. Qd6 Nbc6 12. Rfd1 Ng6 13. e5 Nh4 14. Rd3 b5 15. Bb3 Nf5 16. Qc5 Qc7 17. Rad1 Qa7 18. Ne4 h5 19. Qc1 Nb4 20. Rc3 Bb7 21. Rxd7 Bxe4 22. Rxa7 Rxa7 23. a3 Nd5 24. Bxd5 Bxd5 25. h3 Rd8 26. Qf4 Rad7 27. Ng5 Bc4 28. f3 h4 29. Kh2 Rd1 30. Ne4 Re1 31. b3 Rdd1 32.
g4 Re2+ 0-1

[Event "Early-Titled-Tuesday-Blitz-February-06-2024"]
[Site "Chess.com"]
[Date "2024.02.06"]
[Round "4"]
[White "ActorXu"]
[Black "Leebit02"]
[Result "1-0"]
[WhiteElo "2872"]
[BlackElo "2573"]
[TimeControl "180+1"]
[EndTime "8:39:02 PST"]
[Termination "ActorXu won on time"]

1. d4 d5 2. c4 dxc4 3. Nf3 Nf6 4. e3 e6 5. Bxc4 c5 6. O-O a6 7. Qe2 b5 8. Bb3 Bb7 9. Rd1 Nbd7 10. Nc3 Rc8 11. e4 cxd4 12. Nxd4 Qb6 13. e5 Bc5 14.
Nxe6 fxe6 15. exf6 Nxf6 16. Bxe6 Rc7 17. Nd5 Bxd5 18. Bxd5+ Re7 19. Qf3 Rf8 20. Bc6+ Kf7 21. Bd5+ Ke8 22. Bg5 Ne4 23. Qh5+ g6 24. Qg4 Bxf2+ 25.
Kh1 Rd7 26. Qxe4+ 1-0

[Event "Early-Titled-Tuesday-Blitz-February-06-2024"]
[Site "Chess.com"]
[Date "2024.02.06"]
[Round "4"]
[White "Mackster23"]
[Black "VitaliyBernadskiy"]
[Result "1/2-1/2"]
[WhiteElo "2730"]
[BlackElo "2908"]
[TimeControl "180+1"]
[EndTime "8:39:03 PST"]
[Termination "Game drawn by repetition"]

1. e4 e5 2. Nf3 d6 3. d4 exd4 4.
Nxd4 Nf6 5. Nc3 g6 6. g3 Bg7 7. Bg2 O-O 8. O-O Re8 9. h3 Nbd7 10.
Re1 Nc5 11. Bf4 Nh5 12. Be3 Nf6 13. Bf4 a6 14. Qd2 Rb8 15. Rad1 Bd7 16. b4 Ne6 17. Nxe6 Bxe6 18. Nd5 Bxd5 19. exd5 Qd7 20. Qd3 Rxe1+ 21. Rxe1 Re8 22. Rc1 h5 23. c4 Qa4 24. Qb3 Qxb3 25. axb3 Re2 26. c5 Bf8 27. cxd6 Bxd6 28. Bxd6 cxd6 29. Rc7 Re1+ 30. Kh2 Rb1 31. Rxb7 Rxb3 32. Rb6 Ne8 33. Bf1 Nc7 34. Bxa6 Nxa6 35. Rxa6 Rxb4 36.
Rxd6 Rd4 37. Rd8+ Kg7 38. Kg2 Kf6 39. Kf3 Ke7 40. Ra8 Rxd5 41. Ra7+ Kf6 42. h4 Rf5+ 43.
Kg2 Kg7 44. Ra3 Rd5 45. Rb3 Re5 46. Rc3 Rf5 47. Rd3 Rf6 48. Rc3 Rf5 49. Rd3 Kf6 50. Rc3 Ke5 51. Rc5+ Ke4 52. Rc7 Kd5 53. Ra7 Ke6 54.
Ra6+ Ke7 55. Ra7+ Kf8 56. Ra8+ Kg7 57. Ra7 Rf6 58. Ra5 Re6 59. Ra4 Kf6 60. Ra5 Kg7 61.
Ra4 Rf6 62. Ra5 Re6 1/2-1/2

[Event "Early-Titled-Tuesday-Blitz-February-06-2024"]
[Site "Chess.com"]
[Date "2024.02.06"]
[Round "4"]
[White "CaspiIsrael"]
[Black "Kotlyar_K"]
[Result "0-1"]
[WhiteElo "2673"]
[BlackElo "2481"]
[TimeControl "180+1"]
[EndTime "8:39:03 PST"]
[Termination "Kotlyar_K won by resignation"]

1. d4 Nf6 2. Nc3 d5 3. Bf4 c5 4. e3 cxd4 5. exd4 Bg4 6. f3 Bd7 7. Qd2 Nc6 8. g4 e6 9. O-O-O Rc8 10. Kb1 Be7 11. h4 Na5 12. Nge2 Nc4 13. Qc1 Qb6 14. h5 Ba3 15. b3 Bxc1 16. Bxc1 h6 17. Ka1 Nd6 18.
Bb2 a6 19. Rd2 Qc7 20. Nd1 Nb5 21. Ne3 Qa5 22. Rd1 Qb4 23. Bg2 a5 24. Rd3 a4 25.
c3 Qd6 26. Kb1 axb3 27. axb3 O-O 28. f4 Ne4 29. Bxe4 dxe4 30. Rd2 Qa6 31. c4 Na3+ 32. Kc1 b5 33. c5 b4 34. Ng3 Nb5 35. Nxe4 Bc6 36.
d5 Bxd5 37. Nxd5 exd5 38. Rxd5 Rfd8 39. Rhd1 Rxd5 40. Rxd5 Qe6 41. Re5 Qxg4 42. f5 Nc3 43. Nxc3 Qf4+ 44. Kc2 Qxe5 45. Na4 Rxc5+ 0-1

[Event "Early-Titled-Tuesday-Blitz-February-06-2024"]
[Site "Chess.com"]
[Date "2024.02.06"]
[Round "4"]
[White "Quattroporte300"]
[Black "JoachimBN"]
[Result "0-1"]
[WhiteElo "2393"]
[BlackElo "2611"]
[TimeControl "180+1"]
[EndTime "8:39:03 PST"]
[Termination "JoachimBN won by resignation"]

1. e4 c5 2. c3 g6 3. d4 cxd4 4. cxd4 d5 5. e5 Nc6 6. Nc3 Bg7 7. h3 Nh6 8. Nf3 O-O 9. Bb5 f6 10. exf6 exf6 11. O-O Nf5 12. Ba4 Be6 13. Re1 Bf7 14.
Bf4 Qb6 15. Bxc6 Qxc6 16. Rc1 Qd7 17. Na4 b6 18. Rc7 Qb5 19. b3 Rfe8 20. Rxe8+ Qxe8 21. Qc2 Bf8 22. Nc3 Qe6 23. Nb5 g5 24. Bc1 a6 25.
Rc6 Qe4 26. Nc7 Qxc2 27. Rxc2 Rc8 28. Rc6 Bd6 29. g4 Bxc7 30. Kf1 Ne7 31. Rc2 Bd6 32. Rxc8+ Nxc8 33. Ke2 Bg6 34. Bd2 Ne7 35. a4 h5 36.
Ne1 h4 37. Nd3 Nc6 38. Nb4 Nxb4 0-1

[Event "Early-Titled-Tuesday-Blitz-February-06-2024"]
[Site "Chess.com"]
[Date "2024.02.06"]
[Round "4"]
[White "ashookk"]
[Black "Muracle"]
[Result "1-0"]
[WhiteElo "2316"]
[BlackElo "2478"]
[TimeControl "180+1"]
[EndTime "8:39:03 PST"]
[Termination "ashookk won by resignation"]

1. Nf3 Nf6 2. c4 c6 3. Qc2 g6 4.
d4 Bg7 5. e4 d5 6. e5 Nfd7 7.
cxd5 cxd5 8. Nc3 Nb6 9. Bb5+ Nc6 10. h3 O-O 11. O-O Bf5 12. Qe2 Rc8 13. Bg5 Nb4 14. a3 a6 15. axb4 axb5 16. Qxb5 Rc4 17. Bxe7 Qxe7 18.
Qxb6 Be4 19. Nxe4 dxe4 20. Nd2 Rxb4 21. Qa7 e3 22. fxe3 Rxb2 23. Ne4 Qh4 24. Rf4 Qe7 25.
Qa3 Qxa3 26. Rxa3 Rc8 27. Nd6 Rc1+ 28. Kh2 Rcc2 29. Ra8+ Bf8 30. Rxf7 Rxg2+ 31. Kh1 Rh2+ 32. Kg1 Rbg2+ 33. Kf1 Rf2+ 34. Rxf2 Rxf2+ 35. Kxf2 1-0

[Event "Early-Titled-Tuesday-Blitz-February-06-2024"]
[Site "Chess.com"]
[Date "2024.02.06"]
[Round "4"]
[White "Keeper0416"]
[Black "starworld123"]
[Result "0-1"]
[WhiteElo "2565"]
[BlackElo "2828"]
[TimeControl "180+1"]
[EndTime "8:39:04 PST"]
[Termination "starworld123 won on time"]

1. d4 Nf6 2. c4 e6 3. Nf3 d5 4. g3 dxc4 5. Bg2 a6 6. O-O b5 7. b3 cxb3 8. axb3 Bb7 9. Bb2 Nbd7 10. Nbd2 c5 11. Qc2 Rc8 12. Rfc1 Be7 13. Qb1 O-O 14. e4 cxd4 15. Rxc8 Qxc8 16. e5 Nd5 17. Bxd4 Bc5 18. Ng5 g6 19. Qb2 Rd8 20. Nde4 Bxd4 21. Qxd4 Rf8 22.
Nd6 Qb8 23. Bxd5 Bxd5 24. Rxa6 Qc7 25. Ra1 f6 26. Nge4 Nxe5 0-1

[Event "Early-Titled-Tuesday-Blitz-February-06-2024"]
[Site "Chess.com"]
[Date "2024.02.06"]
[Round "4"]
[White "nihalsarin"]
[Black "xamax2000"]
[Result "1-0"]
[WhiteElo "3125"]
[BlackElo "2856"]
[TimeControl "180+1"]
[EndTime "8:39:05 PST"]
[Termination "nihalsarin won on time"]

1. a3 e5 2. c4 g6 3. b4 Bg7 4. Bb2 d6 5. g3 f5 6. Bg2 Nf6 7. d3 O-O 8. Nf3 h6 9. O-O Be6 10. Nh4 g5 11. Bxb7 Nbd7 12. Bxa8 Qxa8 13. Ng2 f4 14.
Nd2 Bh3 15. f3 Ng4 16. Qb3 Bxg2 17. Kxg2 Ne3+ 18. Kg1 Nxf1 19. Rxf1 Nf6 20. c5+ Kh8 21.
cxd6 cxd6 22. Ne4 fxg3 23. hxg3 Nh5 24. Qe6 d5 25. Bxe5 dxe4 26. Qxh6+ Kg8 27. Qxh5 Bxe5 28.
Qxg5+ Bg7 29. dxe4 Rd8 30. Rc1 Rd7 31. Qf5 Qb7 32. Kg2 a6 33. Qe6+ Kf8 34. Rc5 Bb2 35. Rf5+ Rf7 36. Rxf7+ Qxf7 37. Qxa6 Qb3 38. Qd3 1-0

[Event "Early-Titled-Tuesday-Blitz-February-06-2024"]
[Site "Chess.com"]
[Date "2024.02.06"]
[Round "4"]
[White "GianmarcoVaR"]
[Black "lilleper1"]
[Result "0-1"]
[WhiteElo "2676"]
[BlackElo "2920"]
[TimeControl "180+1"]
[EndTime "8:39:05 PST"]
[Termination "lilleper1 won on time"]

1. e4 c5 2. Nf3 d6 3. Bb5+ Nd7 4.
a4 Nf6 5. Nc3 a6 6. Bc4 b6 7. d4 cxd4 8. Qxd4 e6 9. O-O Bb7 10.
Rd1 Qc7 11. b3 Be7 12. Ba3 Nc5 13. e5 dxe5 14. Qxe5 Qc8 15. a5 Ncd7 16. Rxd7 Nxd7 17. Qxg7 Bf6 18. Qh6 Qc6 19. Nd5 exd5 20. Re1+ Kd8 21. Bd3 Kc8 22. Ng5 Rg8 23. Nxf7 d4 24. Be4 Rxg2+ 25.
Kf1 Rg6 26. Qxg6 hxg6 27. Bxc6 Bxc6 28. Re8+ Kc7 0-1